 Dungeon Crawl Stone Soup version 0.25-a0-558-g78a2afb0af (webtiles) character file.

Game seed: 17251935784747618256, levelgen mode: deterministic

19 Flugslaktarn the Shield-Bearer (level 2, -2/27 HPs)
             Began as a Deep Dwarf Fighter on Feb 24, 2020.
             Killed from afar by Blork the orc (6 damage)
             ... with a magic dart
             ... on level 4 of the Dungeon.
             The game lasted 00:00:17 (255 turns).

Flugslaktarn the Shield-Bearer (Deep Dwarf Fighter)  Turns: 255, Time: 00:00:18

Health: -2/27      AC:  6    Str: 19    XL:     2   Next: 55%
Magic:  2/2        EV:  6    Int:  8    God:
Gold:   51         SH:  7    Dex: 12    Spells: 1/1 levels left

rFire    . . .     SeeInvis .   a - +0 war axe
rCold    . . .     Gourm    .   c - +0 kite shield
rNeg     . . .     Faith    .   b - +0 scale mail
rPois    .         Spirit   .   (no helmet)
rElec    .         Reflect  .   (no cloak)
rCorr    .         Harm     .   (no gloves)
MR       .....                  (no boots)
Stlth    ..........             (no amulet)
HPRegen  0.00/turn              (no ring)
MPRegen  0.08/turn              (no ring)

@: non-regenerating, very heavily drained
A: damage resistance, heal wounds, sense surroundings 1, no regeneration
a: Heal Wounds


You were on level 4 of the Dungeon.
You were not hungry.

You visited 1 branch of the dungeon, and saw 4 of its levels.

You collected 51 gold pieces.

Inventory:

Hand Weapons
 a - a +0 war axe (weapon)
Armour
 b - a +0 scale mail (worn)
 c - a +0 kite shield (worn)
Scrolls
 f - a scroll of identify {unknown}
 i - a scroll of noise {unknown}
Potions
 d - a potion of might
 h - 2 potions of stabbing {unknown}
Comestibles
 e - 2 rations
 g - a chunk of flesh


   Skills:
 + Level 2.9(0.0) Fighting
 * Level 2.8(0.0) Axes
 + Level 3.5(0.1) Armour
 + Level 3.5(0.1) Shields


You had one spell level left.
You didn't know any spells.
Your spell library was empty.

Dungeon Overview and Level Annotations

Branches:
Dungeon (4/15)
 Temple: D:4-7

Altars:

Annotations:
D:4 Blork the orc


Innate Abilities, Weirdness & Mutations

You are resistant to damage.
You can heal yourself by infusing magical energy.
You passively map a small area around you.
You do not regenerate.


Message History

You feel drained.
You are too injured to fight recklessly!
You are too injured to fight recklessly!
You are too injured to fight recklessly!
You are too injured to fight recklessly!
You are too injured to fight recklessly!
You are too injured to fight recklessly!
You are too injured to fight recklessly!
You are too injured to fight recklessly!
You are too injured to fight recklessly!
You are too injured to fight recklessly!
You are too injured to fight recklessly!
You are too injured to fight recklessly!
You are too injured to fight recklessly!
Your scale mail prevents you from hitting Blork the orc.
Blork the orc is moderately wounded.
You block Blork the orc's attack. Blork the orc casts a spell at you.
The magic dart hits you!
You die...

####.# * * ####.# #....#
#.#### ,, #.# # #.###.#
# , ####.....# ,
#...##########.....##.#
#)>.$.o@................
....##########...#.##.##
. , #######.#.##.# , , *
#............#
#.############ *
#[...#.......# , ####
*#....#.##....## *
.....##.......#.##.(.
,..............#.##.#.


You could see Blork the orc.

Vanquished Creatures
  An ooze (D:1)
  A dart slug (D:2)
  2 leopard geckos (D:4)
  An orc (D:3)
  A goblin (D:2)
  A hobgoblin (D:1)
  A quokka (D:4)
  A bat (D:2)
  A rat (D:1)
10 creatures vanquished.

Notes
Turn   | Place    | Note
-------+----------+-------------------------------------------
     0 | D:1      | Flugslaktarn the Deep Dwarf Fighter began the quest for the
                  | Orb.
     0 | D:1      | Reached XP level 1. HP: 20/20 MP: 1/1
   120 | D:2      | Reached XP level 2. HP: 27/27 MP: 2/2
   238 | D:4      | Noticed Blork the orc
   255 | D:4      | Killed from afar by Blork the orc

Levels and vault maps discovered:
D:1:      matt_arrival_diagonals, layout_basic
D:2:      layout_basic, chequers_avenue, kennysheep_generic_room_8
D:3:      minmay_chambers_of_twos, layout_basic, first_ration
D:4:      layout_basic, minmay_temple_entry_offerings,
          nicolae_ossuary_entry_plus, chequers_arboretum, uniq_blork_the_orc

Action                   || total
-------------------------++-------
Melee: War axe           ||    28
 Abil: Heal Wounds       ||     2
Armor: Scale mail        ||     9
Dodge: Dodged            ||     7
Block: Kite shield       ||    12

Table legend:
 A = Non-vault XP
 B = Vault XP
 C = Vault XP percentage of total XP
 D = Non-vault monster count
 E = Vault monster count
 F = Vault count percentage of total count
                 A         B        C        D         E       F
            +---------+---------+-------+---------+---------+-------
      Total |      28 |       0 |   0.0 |      10 |       0 |   0.0
            +---------+---------+-------+---------+---------+-------
        D:1 |      10 |       0 |   0.0 |       3 |       0 |   0.0
        D:2 |       7 |       0 |   0.0 |       3 |       0 |   0.0
        D:3 |       3 |       0 |   0.0 |       1 |       0 |   0.0
        D:4 |       8 |       0 |   0.0 |       3 |       0 |   0.0
            +---------+---------+-------+---------+---------+-------
